 Dungeon Crawl Stone Soup version 0.31-a0-795-g5eb97db20b (webtiles) character file.

Game seed: 10417369611232115901

578447 cforsyth the Meteorologist (level 27, -13/203 HPs)
             Began as a Djinni Delver on Sept 18, 2023.
             Was the Champion of Hepliaklqana.
             Mangled by Tiamat
             ... wielding a +5 bardiche of protection
              (14 damage)
             ... on level 4 of the Realm of Zot.
             The game lasted 02:48:53 (83383 turns).

cforsyth the Meteorologist (Djinni Delver)         Turns: 83383, Time: 02:48:54

Health: -13/203    AC: 13    Str:  9    XL:     27
Gold:   7970       EV: 20    Int: 34    God:    Hepliaklqana [******] SH: 12 Dex: 16

rFire   + + +        D - +11 spear of Okischyad {speed, rCorr Str+7}
rCold   . . .        l - +0 kite shield {reflect}
rNeg    . . .        H - +3 leather armour of Irksome Mirth {rElec rPois Regen+ Str-5}
rPois   ∞            Y - +2 helmet {Int+3}
rElec   +            K - +2 cloak {Will+}
rCorr   +            u - +0 pair of gloves
SInv    .            (boots unavailable)
Will    ++++.        o - amulet of regeneration
Stlth   ++           R - ring of Peiloan {+Blink rC+ Will+ Str-4 Int+6}
HPRegen 2.13/turn    G - ring of protection from fire
MPRegen 0.00/turn

%: reflection, infuse magic (-14 HP)
@: flying, constricted, studying Air Magic
A: reduced essence, sickness immunity, fire resistance 2, cold vulnerability 1,
float, innate caster, HP casting, extra vitality 1
}: 3/15 runes: decaying, silver, gossamer
a: Renounce Religion, Evoke Blink, Recall Ancestor, Ancestor Identity,
Transference, Idealise


You were on level 4 of the Realm of Zot.
You worshipped Hepliaklqana.
Hepliaklqana was exalted by your worship.
You visited 12 branches of the dungeon, and saw 51 of its levels.
You also visited: Wizlab.

You collected 10328 gold pieces.
You spent 2358 gold pieces at shops.

Inventory:

Hand Weapons
 a - the +4 long sword of Xeurovuota {vamp, rElec Stlth+}
   (You found it on level 11 of the Dungeon)

   rElec:     It insulates you from electricity.
   Stlth+:    It makes you more stealthy.
 x - the +6 whip "Acosug" {antimagic, rF+ Will+ Str+3 Dex-5}
   (You found it on level 1 of the Vaults)

   Str+3:     It affects your strength (+3).
   Dex-5:     It affects your dexterity (-5).
   rF+:       It protects you from fire.
   Will+:     It increases your willpower.
 D - the +11 spear of Okischyad (weapon) {speed, rCorr Str+7}
   (You found it on level 2 of the Dungeon)

   Str+7:     It affects your strength (+7).
   rCorr:     It protects you from acid and corrosion.
 S - the +2 orcbow "Uhaony" {heavy, rElec Int+6 Dex-3}
   (You took it off a deep elf archer on level 3 of the Elven Halls)

   Int+6:     It affects your intelligence (+6).
   Dex-3:     It affects your dexterity (-3).
   rElec:     It insulates you from electricity.
Armour
 l - a +0 kite shield of reflection (worn)
 u - a +0 pair of gloves (worn)
 H - the +3 leather armour of Irksome Mirth (worn) {rElec rPois Regen+ Str-5}
   (You found it on level 2 of the Elven Halls)

   Str-5:     It affects your strength (-5).
   rElec:     It insulates you from electricity.
   rPois:     It protects you from poison Regen+: It increases your rate of
   health regeneration.
 K - a +2 cloak of willpower (worn)
 Y - a +2 helmet of intelligence (worn)
Jewellery
 o - an amulet of regeneration (around neck)
 G - a ring of protection from fire (right hand)
 I - a ring of resist corrosion
 L - a ring of ice
 N - a ring of see invisible
 R - the ring of Peiloan (left hand) {+Blink rC+ Will+ Str-4 Int+6}
   (You acquired it in a wizard's laboratory)

   [ring of intelligence]

   Str-4:     It affects your strength (-4).
   Int+6:     It affects your intelligence (+6).
   rC+:       It protects you from cold.
   Will+:     It increases your willpower.
   +Blink:    It lets you blink.
 W - the ring of Dutata {Will+ rCorr Str-4 Int+6 Stlth+}
   (You took it off a centaur on level 11 of the Dungeon)

   [ring of willpower]

   Str-4:     It affects your strength (-4).
   Int+6:     It affects your intelligence (+6).
   Will+:     It increases your willpower.
   rCorr:     It protects you from acid and corrosion.
   Stlth+:    It makes you more stealthy.
Wands
 b - a wand of mindburst (50)
 g - a wand of digging (20)
 i - a wand of flame (55)
 k - a wand of charming (83)
 J - a wand of polymorph (29)
 M - a wand of roots (87)
 V - a wand of quicksilver (40)
Scrolls
 c - 9 scrolls of fog
 d - 9 scrolls of revelation
 j - 9 scrolls of vulnerability
 m - 7 scrolls of teleportation
 n - 9 scrolls of enchant weapon
 p - 5 scrolls of silence
 q - 5 scrolls of blinking
 r - 9 scrolls of immolation
 s - 9 scrolls of poison
 v - 4 scrolls of brand weapon
 y - 6 scrolls of identify
 P - 3 scrolls of torment
 Q - 3 scrolls of fear
 T - 7 scrolls of enchant armour
 Z - a scroll of summoning {unknown}
Potions
 e - 11 potions of attraction
 f - 11 potions of haste
 h - 14 potions of might
 t - 6 potions of lignification
 w - 13 potions of enlightenment
 z - 10 potions of ambrosia
 A - 5 potions of mutation
 B - 27 potions of curing
 C - 2 potions of invisibility
 E - 4 potions of cancellation
 F - 5 potions of berserk rage
 O - a potion of resistance
 U - 4 potions of heal wounds
 X - 4 potions of brilliance


   Skills:
 + Level 26.9 Fighting
 - Level 1.7 Long Blades
 + Level 23.2 Dodging
 - Level 4.1 Stealth
 - Level 10.0 Shields
 + Level 24.4 Spellcasting
 + Level 24.4 Conjurations
 + Level 24.4 Hexes
 + Level 24.4 Summonings
 + Level 24.4 Necromancy
 + Level 24.4 Translocations
 + Level 24.4 Transmutations
 + Level 24.4 Fire Magic
 + Level 24.4 Ice Magic
 O Level 27 Air Magic
 + Level 24.4 Earth Magic
 + Level 24.4 Poison Magic


You knew the following spells:

 Your Spells              Type           Power      Damage    Failure   Level
a - Apportation           Tloc           100%       N/A       0%          1
b - Passwall              Tmut/Erth      98%        N/A       0%          2
c - Ignite Poison         Fire/Tmut/Pois 100%       N/A       0%          3
d - Cause Fear            Hex            59%        N/A       0%          4
e - Flame Wave            Conj/Fire      100%       2d21      0%          4
f - Yara's Violent Unrav  Hex/Tmut       59%        3d22      0%          5
g - Simulacrum            Ice/Necr       59%        N/A       1%          6
h - Leda's Unmaking       Conj/Erth      59%        9d10      1%          6
i - Haunt                 Necr/Summ      59%        N/A       1%          7
j - Spellforged Servitor  Conj/Summ      59%        N/A       1%          7
k - Infestation           Necr           59%        N/A       1%          8
l - Maxwell's Capacitive  Air            61%        ∞         1%          8
m - Chain Lightning       Conj/Air       60%        3d80      8%          9
Your spell library was empty.

Dungeon Overview and Level Annotations

Branches:
Dungeon (15/15)            Temple (1/1) D:5            Lair (5/5) D:10
  Swamp (4/4) Lair:2       Spider (4/4) Lair:2        Slime (0/5) Lair:5
    Orc (2/2) D:10            Elf (3/3) Orc:2        Vaults (5/5) D:13
  Crypt (3/3) Vaults:2       Tomb (0/3) Crypt:3      Depths (4/4) D:15
   Hell (visited)             Zot (4/5) Depths:4     WizLab (visited)
    Dis: Hell:1         Geh: Hell:1         Coc: Hell:1         Tar: Hell:1

Altars:
Ashenzari
Cheibriados
Dithmenos
Elyvilon
Fedhas
Gozag
Hepliaklqana
Makhleb
Nemelex Xobeh
Okawaru
Qazlal
Ru
Trog
Uskayaw
Wu Jian
Xom
Yredelemnul
Zin
The Shining One
Jiyva

Shops:
D:1 *   D:9 [   D:13 *!*[!   Orc:2 [(=*   Elf:3 [   Vaults:3 =!   Vaults:4 [
Depths:3 (

Portals:
Hell: Depths:1 Depths:2 Depths:3 Depths:4
Abyss: Depths:2 Depths:3
Pandemonium: Depths:2 Depths:3 Depths:4
Ziggurat: Depths:3
Trove: Vaults:2 (give 6 scrolls of fear)

Annotations:
D:14 2 transporters, ratmeat3's ghost, journeyman FoFi
Swamp:2 2 transporters, Bravepunisher's ghost, adept SpMo
Depths:3 6 runed translucent doors
Hell Geryon
Zot:4 Tiamat


Innate Abilities, Weirdness & Mutations

Your life essence is reduced to manifest your ancestor. (-10% HP)
You are immune to sickness and miasma.
You are immune to poison.
Your flesh is very heat resistant. (rF++)
You are vulnerable to cold. (rC-)
You float through the air rather than walking.
You learn spells naturally, not from books.
Your magical power is your life essence.
You have superior vitality. (+4 MHP)


Message History

The tentacled monstrosity completely misses you.
The tentacled monstrosity tentacle-slaps you.
The tentacled monstrosity completely misses you.
The tentacled monstrosity grabs you.
You stop ascending the stairs.
The tentacled monstrosity constricts you.
The black draconian hits you with a +0 trident.
Tiamat hits you with a +5 bardiche of protection!!!
Tiamat tail-slaps you!!
* * * LOW HITPOINT WARNING * * *
Octavius blocks the white draconian's attack.
The white draconian hits you with a +1 war axe of venom.
* * * LOW HITPOINT WARNING * * *
The white draconian hits you with a +1 battleaxe of flaming!
* * * LOW HITPOINT WARNING * * *
Octavius blocks the white draconian's attack.
Unknown command.
Unknown command.
Unknown command.
Blink to where?
Press: ? - help, Dir - move target The tentacled monstrosity's grasp on you weakens, but your attempt to escape fails.
As you read the scroll of blinking, it crumbles to dust.
You block the storm dragon's attack. The storm dragon claws you!
* * * LOW HITPOINT WARNING * * *
The storm dragon misses you.
Octavius hits Tiamat but does no damage.
Octavius hits the white draconian with a +0 broad axe of speed!
Octavius hits the tentacled monstrosity with a +0 broad axe of speed!
Octavius misses the white draconian.
The red draconian scorcher hits you but does no damage.
The tentacled monstrosity tentacle-slaps you but does no damage.
The tentacled monstrosity completely misses you.
The tentacled monstrosity tentacle-slaps you but does no damage.
The tentacled monstrosity constricts you.
* * * LOW HITPOINT WARNING * * *
The black draconian hits you but does no damage.
Tiamat hits you with a +5 bardiche of protection!
* * * LOW HITPOINT WARNING * * *
Tiamat tail-slaps you!
You die...

...........,,* **,***,,,,,,,*,
D............######...+#********,
.............######>#.##**+****,,
.d...........######.#.#.,,,,,,,**
.............+......#.#.,,,,,,,*
.............######.#.#.,,,,,,,*
.............##.8§###.#.,,,,,,,*
.............#.DdX.##.#.,,,,,,,*
.<...........#8q@R8##.#.,,,,,,,**
,,,,,,,,,....#.ddd.#..+.,,,,,,,+,
,,,,,,,,,....##.q.###.#.,,,,,,,**
**+******+######§####.#.,,,,,,,*
**,******.####q....##.+.,,,,,,,*
,,,,,,,,,..##...8...###.,,,,,,,**
**,****,*.##......q..###*+******,
*,* *,*##.X8..<..8..##*,******,
*,* *,*#.............#*,,,,,**,


You could see the friendly Octavius the knight (reflecting), Tiamat (ally
target), a tentacled monstrosity, a storm dragon, a black draconian, 2
draconians, a purple draconian shifter and a red draconian scorcher.

Vanquished Creatures
  2 ancient liches
  An orb of fire (Zot:3)
  Josephina (Crypt:3)
  Vv (Depths:4)
  Margery (Vaults:3)
  2 curse toes (Zot:3)
  6 golden dragons
  A bone dragon (Depths:4)
  A doom hound (Depths:4)
  2 electric golems
  6 liches
  Rupert (Orc:2)
  12 tentacled monstrosities
  2 deep elf blademasters (Elf:3)
  Murray (Depths:4)
  5 sphinxes
  A quicksilver dragon (Vaults:5)
  7 titans (Vaults:5)
  2 death cobs
  4 ancient champions
  Aizul (Depths:1)
  9 storm dragons
  6 tengu reavers
  7 shadow dragons
  2 thorn hunters
  A revenant (Crypt:2)
  8 draconian monks
  The ghost of jejorda2 the Protected, an adept GnBe of Trog (Spider:2)
  5 fire giants
  A nagaraja (WizLab)
  Donald (Vaults:2)
  6 fenstrider witches
  4 draconian knights
  4 frost giants
  5 deep elf sorcerers
  9 draconian scorchers
  8 vault wardens
  2 emperor scorpions (Spider:4)
  4 draconian stormcallers
  6 draconian shifters
  A ghost moth (Spider:4)
  2 curse skulls
  2 deep elf elementalists (Elf:3)
  6 iron dragons
  10 ghouls
  2 orc warlords (Vaults:3)
  A formless jellyfish (Vaults:4)
  3 draconian annihilators
  4 reapers
  14 ironbound preservers
  9 very ugly things
  A caustic shrike zombie (Crypt:3)
  3 demonspawn corrupters (WizLab)
  A juggernaut skeleton (Crypt:3)
  23 stone giants
  5 war gargoyles
  5 ironbound thunderhulks
  10 black draconians
  3 deep elf demonologists (Elf:3)
  14 green draconians
  9 deep elf annihilators
  Azrael (D:14)
  5 vampire knights
  3 eleionomae (Swamp:4)
  5 bunyips
  6 dire elephants
  5 yellow draconians
  13 red draconians
  8 white draconians
  A green death (Swamp:4)
  9 deep elf death magi
  3 spark wasps
  10 eidola
  13 purple draconians
  3 entropy weavers
  6 ettins
  3 fire dragons
  4 jiangshi
  6 deep elf high priests
  8 yaktaur captains
  A merfolk impaler (Depths:4)
  25 vault guards
  A spriggan zombie (Crypt:3)
  Fannar (D:12)
  6 great orbs of eyes
  5 ice dragons
  A quicksilver dragon zombie (Crypt:3)
  5 rakshasas (Depths:3)
  A peacekeeper (Vaults:4)
  A ghost crab (Swamp:4)
  A radroach (Spider:1)
  2 catoblepae
  8 hydras
  12 alligators
  4 ogre magi
  5 centaur warriors
  7 ironbound frosthearts
  2 death knights (Crypt:2)
  4 deep troll shamans
  9 boulder beetles
  The ghost of arvidsem the Cleaver, a novice MiFi of Qazlal (D:9)
  6 two-headed ogres
  17 dancing weapons
  A merfolk aquamancer (WizLab)
  A death scarab (Crypt:1)
  4 vampire magi
  4 demonic crawlers
  7 deep troll earth magi
  4 spriggan berserkers
  2 tengu warriors
  An orc high priest (Orc:2)
  6 soul eaters
  A quicksilver ooze zombie (Crypt:2)
  10 hell knights
  9 deep elf knights
  A sun demon (Depths:2)
  A skyshark (shapeshifter) (Vaults:5)
  9 skeletal warriors
  2 sixfirhies (Swamp:4)
  3 pharaoh ants
  2 skysharks (Lair:5)
  3 iron trolls
  39 deep trolls
  3 glowing orange brains
  3 swamp dragons
  A deep troll (shapeshifter) (Vaults:4)
  11 spriggan druids
  An anaconda zombie (Crypt:1)
  2 goliath frogs
  3 flayed ghosts
  4 orb spiders
  18 deep elf archers
  5 bog bodies
  22 phantasmal warriors
  15 deep elf pyromancers
  2 nameless horrors
  13 ironbound convokers
  5 harpies (Vaults:4)
  14 necromancers
  18 deep elf zephyrmancers
  A steelbarb worm (shapeshifter) (Depths:4)
  19 wizards
  4 orc knights
  A shadow dragon skeleton (Crypt:3)
  19 lindwurms
  16 wolf spiders
  7 manticores
  2 orc sorcerers
  8 cyclopes
  2 will-o-the-wisps
  A stone giant zombie (Crypt:3)
  23 ugly things
  5 worldbinders (WizLab)
  21 moths of wrath
  3 dire elephant zombies (Crypt:3)
  2 human skeletons (Vaults:3)
  13 vault sentinels
  3 elephants
  A black mamba (Lair:4)
  3 rust devils
  5 orange demons
  2 water nymphs (WizLab)
  A catoblepas zombie (Crypt:1)
  2 gargoyles (D:10)
  5 torpor snails
  2 rime drakes (Lair:3)
  5 cane toads
  A naga skeleton (Crypt:3)
  An orb spider zombie (Crypt:1)
  A dire elephant skeleton (Crypt:3)
  3 komodo dragons
  6 kobold demonologists
  5 freezing wraiths
  13 yaktaurs
  An alligator snapping turtle skeleton (Crypt:3)
  An ice devil (Depths:2)
  2 guardian mummies
  3 tengu conjurers
  2 red devils (Depths:2)
  11 hellwings
  A bloated husk (Swamp:3)
  2 polar bears (Lair:5)
  9 trolls
  A hydra skeleton (Crypt:3)
  16 hornets
  A tarantella (shapeshifter) (Elf:3)
  A raiju (Lair:5)
  10 blink frogs
  8 tyrant leeches
  A harpy skeleton (Crypt:3)
  25 tarantellas
  4 ettin zombies (Crypt:3)
  31 slime creatures
  A dream sheep (Lair:5)
  16 jumping spiders
  3 flying skulls (Crypt:1)
  A guardian serpent zombie (Crypt:2)
  A spriggan (shapeshifter) (D:13)
  A slime creature (shapeshifter) (Depths:4)
  A ynoxinul (Depths:2)
  12 culicivoras
  16 spriggans
  17 wraiths
  4 wyverns
  5 vampires
  2 air elementals
  A naga simulacrum (Crypt:3)
  10 water elementals
  42 yaks
  6 fire elementals
  A black mamba skeleton (Crypt:3)
  A basilisk (D:15)
  5 vampire mosquitoes
  43 redbacks
  2 neqoxecs
  2 redbacks (shapeshifter)
  3 wargs
  A harpy simulacrum (Crypt:3)
  A deep troll zombie (Crypt:1)
  2 glowing shapeshifter zombies (Crypt:1)
  13 swamp worms
  2 acid dragons
  A hydra simulacrum (Crypt:3)
  A cane toad zombie (Crypt:2)
  14 water moccasins
  A floating eye (shapeshifter) (Vaults:5)
  10 hell hounds
  19 orc warriors
  3 sky beasts
  A swamp dragon zombie (Crypt:3)
  16 black bears
  10 wolves
  2 boggarts (Vaults:2)
  5 ogres
  A phantom (D:6)
  14 centaurs
  4 kobold brigands
  Blork the orc (D:6)
  9 bullfrogs
  2 necrophages (Crypt:2)
  4 gnoll sergeants
  3 scorpions
  2 earth elementals
  6 wights
  5 wyvern skeletons (Crypt:3)
  A water moccasin skeleton (Crypt:2)
  34 killer bees
  A yak skeleton (Crypt:1)
  5 howler monkeys (D:9)
  2 electric eels
  8 jellies
  A hound (D:5)
  2 gnoll boudas (D:10)
  11 orc priests
  An iron imp (D:7)
  A sleepcap (D:6)
  3 iguanas
  12 orc wizards
  A hell rat (Lair:5)
  A tengu skeleton (Crypt:1)
  An acid dragon skeleton (Crypt:2)
  Robin (D:4)
  6 adders
  23 gnolls
  5 river rats (Lair:5)
  2 shadow imps
  A swamp drake skeleton (Crypt:2)
  3 white imps
  2 ufetubi (D:7)
  A dart slug (D:1)
  36 orcs
  4 endoplasms
  10 hobgoblins
  A quokka (D:5)
  5 ball pythons
  3 bats
  A frilled lizard (D:1)
  7 goblins
  2 hobgoblin skeletons
  14 kobolds
  10 rats
1671 creatures vanquished.

Vanquished Creatures (collateral kills)
  An ancient lich (Crypt:3)
  An orb of fire (Zot:3)
  Saint Roka (Depths:1)
  A bone dragon (Zot:3)
  Zenata (Crypt:3)
  2 tentacled monstrosities
  The ghost of Litiur the Cryomancer, an adept OpIE of Sif Muna (Elf:1)
  A sphinx (WizLab)
  2 quicksilver dragons
  A deep elf master archer (Elf:3)
  A titan (Vaults:5)
  The ghost of Feshunla the Bewitcher, an adept KoEn of Dithmenos (Vaults:1)
  3 shadow dragons
  A storm dragon (Depths:3)
  A tengu reaver (Depths:4)
  A fenstrider witch (Swamp:4)
  2 fire giants (Depths:3)
  A draconian knight (Depths:4)
  An emperor scorpion (Spider:4)
  5 ghost moths
  A frost giant (Depths:3)
  3 vault wardens (Vaults:3)
  3 deep elf sorcerers
  A caustic shrike zombie (Crypt:3)
  4 ghouls
  A curse skull (Crypt:3)
  A reaper (Swamp:4)
  An orc warlord (Orc:2)
  5 ironbound preservers
  A draconian stormcaller (Zot:3)
  A demonspawn corrupter (WizLab)
  2 war gargoyles (Vaults:5)
  4 very ugly things
  An ironbound thunderhulk (Vaults:3)
  2 vampire knights
  A stone giant (Vaults:5)
  A deep elf demonologist (Elf:1)
  A white draconian (Zot:3)
  A lorocyproca (Depths:2)
  2 bunyips
  4 deep elf annihilators
  2 dire elephants (Vaults:2)
  3 yellow draconians
  A red draconian (Zot:3)
  A purple draconian (Depths:4)
  3 spark wasps
  2 eidola (Crypt:3)
  3 fire dragons
  2 deep elf death magi
  A mummy priest (Crypt:3)
  An ettin (Vaults:5)
  A spriggan zombie (Crypt:3)
  3 deep elf high priests
  3 ice dragons
  2 yaktaur captains
  4 hydras
  An ogre mage (Vaults:5)
  2 radroaches (Spider:4)
  16 vault guards
  A spriggan air mage (Depths:1)
  6 alligators
  3 two-headed ogres
  2 spriggan skeletons (Crypt:3)
  3 centaur warriors
  11 dancing weapons
  3 boulder beetles
  A deep troll shaman (Depths:2)
  2 tengu warriors (D:15)
  A vampire mage (Crypt:2)
  A death knight (D:11)
  2 demonic crawlers
  A deep troll earth mage (Depths:3)
  2 orc high priests
  2 sun demons (Depths:4)
  2 hell knights
  2 iron trolls
  4 soul eaters
  3 skysharks
  13 deep elf knights
  A goliath frog (Swamp:1)
  3 shadow wraiths
  A sun moth (Lair:2)
  An orb spider (Spider:4)
  2 glowing orange brains
  5 skeletal warriors
  2 swamp dragons
  A flayed ghost (Crypt:2)
  7 deep elf archers
  20 deep trolls
  A necromancer (WizLab)
  6 wizards
  A bog body (Swamp:1)
  5 ironbound convokers
  An anaconda skeleton (Crypt:3)
  2 phantasmal warriors
  5 deep elf zephyrmancers
  A stone giant zombie (Vaults:3)
  A shadow dragon zombie (Crypt:3)
  4 orc knights
  6 deep elf pyromancers
  5 lindwurms
  4 orc sorcerers
  9 ugly things
  3 wolf spiders
  2 cyclopes
  An elephant (Lair:3)
  23 slime creatures
  7 vault sentinels
  A water nymph (WizLab)
  2 black mambas (Lair:5)
  A dire elephant zombie (Crypt:3)
  2 torpor snails (Lair:5)
  Jeremiah (D:6)
  5 cane toads
  3 komodo dragons
  2 rime drakes
  7 yaktaurs
  A green draconian skeleton (Crypt:1)
  2 tengu conjurers (D:14)
  5 trolls
  4 kobold demonologists
  A guardian mummy (Vaults:2)
  7 polar bears (Lair:5)
  8 hornets
  3 hellwings (Crypt:3)
  2 tyrant leeches
  4 blink frogs (Lair:4)
  2 raiju (Lair:5)
  2 jumping spiders
  2 vampires
  An air elemental (Elf:2)
  A dire elephant simulacrum (Crypt:3)
  An ushabti (Crypt:3)
  An ettin skeleton (Vaults:3)
  A water elemental (Elf:1)
  23 yaks
  7 culicivoras
  4 spriggans
  3 fire elementals
  2 wraiths
  A steam dragon (D:10)
  2 redbacks (Spider:3)
  7 vampire mosquitoes
  A swamp worm (Swamp:4)
  A naga zombie (Crypt:3)
  Menkaure (D:5)
  4 wargs
  2 water moccasins
  5 hell hounds (Lair:5)
  3 acid dragons
  A swamp drake (Swamp:1)
  A black bear (Lair:5)
  13 orc warriors
  3 ogres
  8 centaurs
  A wolf (shapeshifter) (Depths:4)
  4 boggarts (Vaults:2)
  6 wolves
  5 kobold brigands
  2 bullfrogs (Lair:4)
  A wight (D:8)
  10 killer bees
  4 howler monkeys
  A jelly (D:9)
  7 orc priests
  2 gnoll boudas
  An iguana (D:6)
  9 orc wizards
  A mummy (Crypt:3)
  2 adders
  11 gnolls
  4 river rats (Lair:5)
  A worm (D:2)
  25 orcs
  A giant cockroach (D:2)
  A goblin (D:3)
  2 hobgoblins (D:1)
  A ball python (D:2)
  A bat (D:2)
  5 kobolds
  3 rats (Lair:5)
  A butterfly (Swamp:3)
592 creatures vanquished.

Vanquished Creatures (others)
  A deep elf master archer (Elf:3)
  A stone giant (Depths:1)
  2 yaktaur captains
  A merfolk aquamancer (WizLab)
  3 deep elf archers
  2 wizards
  4 yaktaurs
  A tengu conjurer (D:14)
  A naga simulacrum (Crypt:3)
  An orc priest (Elf:1)
  A gnoll bouda (D:4)
  40 knights
  5 foxfires (Swamp:2)
63 creatures vanquished.

Grand Total: 2326 creatures vanquished

Notes
Turn   | Place    | Note
-------+----------+-------------------------------------------
     0 | D:5      | cforsyth the Djinni Delver began the quest for the Orb.
     0 | D:5      | Reached XP level 1. HP: 20/20 MP: 0/0
     2 | D:5      | Found a staircase to the Ecumenical Temple.
    12 | D:5      | Noticed an iguana
    15 | Temple   | Entered the Ecumenical Temple
    25 | Temple   | Became a worshipper of Hepliaklqana the Forgotten
   123 | D:5      | Noticed a gnoll bouda
   267 | D:4      | Reached XP level 2. HP: 21/25 MP: 0/0
   577 | D:4      | Reached skill level 1 in Spellcasting
   577 | D:4      | Reached skill level 1 in Conjurations
   577 | D:4      | Reached skill level 1 in Hexes
   577 | D:4      | Reached skill level 1 in Summonings
   577 | D:4      | Reached skill level 1 in Necromancy
   577 | D:4      | Reached skill level 1 in Translocations
   577 | D:4      | Reached skill level 1 in Transmutations
   577 | D:4      | Reached skill level 1 in Fire Magic
   577 | D:4      | Reached skill level 1 in Ice Magic
   577 | D:4      | Reached skill level 1 in Air Magic
   577 | D:4      | Reached skill level 1 in Earth Magic
   577 | D:4      | Reached skill level 1 in Poison Magic
   577 | D:4      | Reached XP level 3. HP: 28/30 MP: 0/0
   577 | D:4      | Learned a level 1 spell: Apportation
   579 | D:4      | Reached skill level 1 in Shields
   587 | D:4      | Reached XP level 4. HP: 13/37 MP: 0/0
   706 | D:4      | Noticed a scorpion
   730 | D:4      | Killed a scorpion
   731 | D:4      | Reached XP level 5. HP: 19/41 MP: 0/0
   731 | D:4      | Learned a level 2 spell: Passwall
  1052 | D:3      | Reached * piety under Hepliaklqana
  1088 | D:3      | Found an iron altar of Okawaru.
  1202 | D:3      | Found a sacrificial altar of Ru.
  1202 | D:3      | Found a white marble altar of Elyvilon.
  1538 | D:3      | Found a faded altar of an unknown god.
  2072 | D:2      | Reached ** piety under Hepliaklqana
  2073 | D:2      | Remembered your ancestor Octavius as a knight
  2260 | D:2      | Identified the +11 spear of Okischyad {speed, rCorr Str+7}
  2628 | D:1      | Reached XP level 6. HP: 37/43 MP: 0/0
  2690 | D:1      | Found Didirusk's General Store.
  3221 | D:4      | Reached skill level 2 in Air Magic
  3295 | D:4      | Found an ornate altar of the Wu Jian Council.
  3364 | D:4      | Noticed Robin
  3374 | D:4      | Killed Robin
  3430 | D:4      | Identified the +0 war axe "Ycasow" {freeze, rElec rPois
                  | Str+2}
  3496 | D:4      | Reached skill level 5 in Fighting
  3496 | D:4      | Reached XP level 7. HP: 35/48 MP: 0/0
  3496 | D:4      | Learned a level 3 spell: Ignite Poison
  3661 | D:5      | Reached *** piety under Hepliaklqana
  4097 | D:5      | Noticed Menkaure
  4104 | D:5      | Killed Menkaure
  4403 | D:6      | Reached skill level 3 in Air Magic
  4434 | D:6      | Reached XP level 8. HP: 54/54 MP: 0/0
  4478 | D:6      | Noticed Jeremiah
  4505 | D:6      | Killed Jeremiah
  4506 | D:6      | Reached skill level 5 in Shields
  4506 | D:6      | Reached skill level 4 in Air Magic
  4919 | D:6      | Reached skill level 5 in Air Magic
  5116 | D:6      | Noticed Blork the orc
  5126 | D:6      | Killed Blork the orc
  5184 | D:6      | Reached XP level 9. HP: 61/61 MP: 0/0
  5184 | D:6      | Learned a level 4 spell: Cause Fear
  5261 | D:7      | Reached **** piety under Hepliaklqana
  5570 | D:7      | Reached skill level 6 in Air Magic
  5714 | D:7      | Found a burning altar of Makhleb.
  5808 | D:7      | Reached skill level 5 in Spellcasting
  5808 | D:7      | Reached skill level 5 in Conjurations
  5808 | D:7      | Reached skill level 5 in Hexes
  5808 | D:7      | Reached skill level 5 in Summonings
  5808 | D:7      | Reached skill level 5 in Necromancy
  5808 | D:7      | Reached skill level 5 in Translocations
  5808 | D:7      | Reached skill level 5 in Transmutations
  5808 | D:7      | Reached skill level 5 in Fire Magic
  5808 | D:7      | Reached skill level 5 in Ice Magic
  5808 | D:7      | Reached skill level 5 in Earth Magic
  5808 | D:7      | Reached skill level 5 in Poison Magic
  6003 | D:7      | Reached skill level 7 in Air Magic
  6189 | D:8      | Found a transporter.
  6189 | D:8      | Found a transporter.
  6511 | D:8      | Reached skill level 8 in Air Magic
  6511 | D:8      | Reached XP level 10. HP: 37/70 MP: 0/0
  6998 | D:8      | Reached skill level 9 in Air Magic
  7003 | D:8      | Reached skill level 10 in Fighting
  7731 | D:9      | Noticed a kobold demonologist
  7741 | D:9      | Killed a kobold demonologist
  7747 | D:9      | Noticed a kobold demonologist
  7750 | D:9      | Noticed a kobold demonologist
  7752 | D:9      | Killed a kobold demonologist
  7762 | D:9      | Killed a kobold demonologist
  7822 | D:9      | Reached skill level 10 in Air Magic
  7999 | D:9      | Noticed a manticore
  8009 | D:9      | Killed a manticore
  8010 | D:9      | Reached XP level 11. HP: 66/78 MP: 0/0
  8010 | D:9      | Learned a level 4 spell: Flame Wave
  8130 | D:9      | Noticed a seven-headed hydra
  8135 | D:9      | Noticed a green ugly thing
  8138 | D:9      | Killed a seven-headed hydra
  8139 | D:9      | Reached skill level 11 in Air Magic
  8221 | D:9      | Killed a green ugly thing
  8479 | D:9      | Found Qoji's Antique Armour Shop.
  8490 | D:9      | Bought a twisted robe for 108 gold pieces
  8490 | D:9      | Identified the +1 robe "Zeoxyhil" {Str+6} (You bought it in
                  | a shop on level 9 of the Dungeon)
  8516 | D:9      | Found a runed translucent gate.
  8516 | D:9      | Found a runed translucent gate.
  8516 | D:9      | Found a runed translucent gate.
  8519 | D:9      | Found a viscous altar of Jiyva.
  8519 | D:9      | Noticed arvidsem's ghost (novice MiFi)
  8592 | D:9      | Identified the +6 arbalest of Perex {elec, rElec}
  8766 | D:9      | Noticed a tengu warrior
  8778 | D:9      | Killed a tengu warrior
  8923 | D:9      | Noticed a two-headed ogre
  8926 | D:9      | Reached skill level 12 in Air Magic
  8939 | D:9      | Killed a two-headed ogre
  9470 | D:10     | Entered Level 10 of the Dungeon
  9588 | D:9      | Reached XP level 12. HP: 57/86 MP: 0/0
 10190 | D:10     | Reached ***** piety under Hepliaklqana
 10190 | D:10     | Found a glowing golden altar of the Shining One.
 10250 | D:10     | Found a staircase to the Orcish Mines.
 10339 | D:10     | Reached skill level 13 in Air Magic
 10440 | D:10     | Found a staircase to the Lair.
 10876 | D:10     | Noticed a two-headed ogre
 11333 | D:10     | Killed a two-headed ogre
 11334 | D:10     | Reached skill level 10 in Spellcasting
 11334 | D:10     | Reached skill level 10 in Conjurations
 11334 | D:10     | Reached skill level 10 in Hexes
 11334 | D:10     | Reached skill level 10 in Summonings
 11334 | D:10     | Reached skill level 10 in Necromancy
 11334 | D:10     | Reached skill level 10 in Translocations
 11334 | D:10     | Reached skill level 10 in Transmutations
 11334 | D:10     | Reached skill level 10 in Fire Magic
 11334 | D:10     | Reached skill level 10 in Ice Magic
 11334 | D:10     | Reached skill level 10 in Earth Magic
 11334 | D:10     | Reached skill level 10 in Poison Magic
 12100 | D:11     | Noticed a boulder beetle
 12373 | D:11     | Reached skill level 14 in Air Magic
 12556 | D:11     | Identified the +2 ring mail of Least Resistance {+Inv rElec
                  | Int-4 Dex+5}
 12556 | D:11     | Noticed a death knight
 12557 | D:11     | Noticed a centaur warrior
 12557 | D:11     | Identified the ring "Micraenu" {EV+5 Int+2}
 12557 | D:11     | Noticed a tengu warrior
 12567 | D:11     | Noticed a seven-headed hydra
 12582 | D:11     | Reached XP level 13. HP: 79/94 MP: 0/0
 12582 | D:11     | Learned a level 5 spell: Yara's Violent Unravelling
 12631 | D:11     | Identified the +4 long sword of Xeurovuota {vamp, rElec
                  | Stlth+}
 13091 | D:11     | Reached skill level 5 in Dodging
 13232 | D:11     | Identified the ring of Dutata {Will+ rCorr Str-4 Int+6
                  | Stlth+}
 14046 | D:12     | Noticed Fannar
 14568 | D:12     | Killed Fannar
 15629 | Lair:1   | Entered Level 1 of the Lair of Beasts
 15643 | Lair:1   | Reached skill level 15 in Fighting
 16108 | Lair:1   | Noticed a catoblepas
 16137 | Lair:1   | Killed a catoblepas
 16636 | Lair:2   | Noticed an eight-headed hydra
 16866 | Lair:2   | Noticed an eight-headed hydra
 16886 | Lair:2   | Killed an eight-headed hydra
 16887 | Lair:2   | Reached skill level 15 in Air Magic
 16980 | Lair:2   | Reached XP level 14. HP: 90/102 MP: 0/0
 16994 | Lair:2   | Found a staircase to the Swamp.
 17260 | Lair:2   | Found a hole to the Spider Nest.
 18243 | Lair:3   | Reached ****** piety under Hepliaklqana
 20481 | Lair:5   | Entered Level 5 of the Lair of Beasts
 22208 | Lair:4   | Reached XP level 15. HP: 108/108 MP: 0/0
 22208 | Lair:4   | Learned a level 6 spell: Simulacrum
 22446 | Lair:4   | Reached skill level 16 in Air Magic
 23201 | Lair:4   | Reached skill level 10 in Dodging
 23887 | Lair:5   | Found a staircase to the Slime Pits.
 23888 | Lair:5   | Found a viscous altar of Jiyva.
 24912 | Lair:5   | Found a runed translucent door.
 26159 | Orc:1    | Entered Level 1 of the Orcish Mines
 26247 | Orc:1    | Paralysed by an orc sorcerer for 2 turns
 26464 | Orc:2    | Entered Level 2 of the Orcish Mines
 26522 | Orc:2    | Found a staircase to the Elven Halls.
 26540 | Orc:2    | Noticed an orc warlord
 26781 | Orc:2    | Noticed Rupert
 26827 | Orc:2    | Killed Rupert
 26909 | Orc:2    | Paralysed by an orc sorcerer for 4 turns
 27510 | Orc:2    | Reached skill level 10 in Shields
 28145 | Orc:2    | Reached XP level 16. HP: 107/107 MP: 0/0
 28160 | Orc:2    | Found Boas's Antique Weapon Boutique.
 28193 | Orc:2    | Found Teusi's Antique Armour Boutique.
 28199 | Orc:2    | Bought a dazzling chain mail for 285 gold pieces
 28199 | Orc:2    | Identified the +6 chain mail "Jeufem" {Str+2 Dex+3 Stlth+}
                  | (You bought it in a shop on level 2 of the Orcish Mines)
 28210 | Orc:2    | Found Husamaig's Jewellery Boutique.
 28226 | Orc:2    | Found Efat's General Store.
 28233 | Orc:2    | Bought a scroll of teleportation for 54 gold pieces
 28478 | D:13     | Found Rajairo's Antique Armour Boutique.
 28509 | D:13     | Bought a warped ring mail for 270 gold pieces
 28509 | D:13     | Identified the +2 ring mail "Memitt" {Int+3} (You bought it
                  | in a shop on level 13 of the Dungeon)
 28509 | D:13     | Bought a slimy chain mail for 285 gold pieces
 28509 | D:13     | Identified the +6 chain mail of Abeyvac {rC+ MP+9} (You
                  | bought it in a shop on level 13 of the Dungeon)
 28563 | D:13     | Found Toath's Distillery.
 28587 | D:13     | Bought a potion of heal wounds for 75 gold pieces
 28587 | D:13     | Bought a potion of heal wounds for 75 gold pieces
 28611 | D:13     | Found Houptal's Assorted Antiques.
 28693 | D:13     | Bought a scroll labelled NEMIAD POLAG for 26 gold pieces
 28693 | D:13     | Bought a scroll of identify for 52 gold pieces
 28693 | D:13     | Identified 3 scrolls of acquirement
 28711 | D:13     | Reached skill level 17 in Air Magic
 28728 | D:13     | Found Ygrucoyg's Distillery.
 28997 | D:12     | Acquired 638 gold pieces
 28999 | D:12     | Acquired a +2 cloak of willpower
 29006 | D:12     | Acquired 817 gold pieces
 29138 | D:13     | Found a gate to the Vaults.
 29144 | D:13     | Found Nuhu Qua's General Store.
 29151 | D:13     | Bought a +1 helmet of intelligence for 231 gold pieces
 29197 | D:13     | Identified the +9 plate armour of Spring {rN+ Str+3 Dex+5}
 29486 | D:14     | Noticed Azrael
 32573 | D:14     | Killed Azrael
 32770 | D:14     | Found a transporter.
 32775 | D:14     | Found a transporter.
 32776 | D:14     | Noticed ratmeat3's ghost (journeyman FoFi)
 33862 | D:15     | Entered Level 15 of the Dungeon
 33958 | D:15     | Found a staircase to the Depths.
 34972 | Spider:1 | Entered Level 1 of the Spider Nest
 35283 | Swamp:1  | Entered Level 1 of the Swamp
 36355 | Lair:2   | Reached XP level 17. HP: 108/124 MP: 0/0
 36355 | Lair:2   | Learned a level 6 spell: Leda's Unmaking
 37596 | Swamp:2  | Reached skill level 18 in Air Magic
 38417 | Swamp:2  | Found a transporter.
 38417 | Swamp:2  | Noticed Bravepunisher's ghost (adept SpMo)
 38422 | Swamp:2  | Found a transporter.
 39251 | Swamp:3  | Noticed a thorn hunter
 39399 | Swamp:3  | Killed a thorn hunter
 39808 | Swamp:4  | Entered Level 4 of the Swamp
 40029 | Swamp:4  | Reached skill level 15 in Dodging
 40105 | Swamp:4  | Noticed a tentacled monstrosity
 40599 | Swamp:4  | Reached XP level 18. HP: 120/133 MP: 0/0
 40756 | Swamp:4  | Killed a tentacled monstrosity
 40898 | Swamp:4  | Got a decaying rune of Zot
 40931 | Swamp:4  | Reached skill level 19 in Air Magic
 41783 | D:9      | Killed arvidsem's ghost
 43568 | Spider:2 | Found a runed translucent door.
 43572 | Spider:2 | Noticed jejorda2's ghost (adept GnBe)
 44736 | Spider:2 | Killed jejorda2's ghost
 45017 | Spider:3 | Reached XP level 19. HP: 128/140 MP: 0/0
 45017 | Spider:3 | Learned a level 7 spell: Haunt
 45350 | Spider:4 | Entered Level 4 of the Spider Nest
 46697 | Spider:4 | Reached skill level 20 in Air Magic
 46756 | Spider:4 | Got a gossamer rune of Zot
 47022 | Vaults:1 | Entered Level 1 of the Vaults
 47110 | Vaults:1 | Noticed an ancient lich
 47125 | Vaults:1 | Killed an ancient lich
 47169 | Vaults:1 | Identified the +6 whip "Acosug" {antimagic, rF+ Will+ Str+3
                  | Dex-5}
 48046 | Vaults:1 | Reached skill level 15 in Spellcasting
 48046 | Vaults:1 | Reached skill level 15 in Conjurations
 48046 | Vaults:1 | Reached skill level 15 in Hexes
 48046 | Vaults:1 | Reached skill level 15 in Summonings
 48046 | Vaults:1 | Reached skill level 15 in Necromancy
 48046 | Vaults:1 | Reached skill level 15 in Translocations
 48046 | Vaults:1 | Reached skill level 15 in Transmutations
 48046 | Vaults:1 | Reached skill level 15 in Fire Magic
 48046 | Vaults:1 | Reached skill level 15 in Ice Magic
 48046 | Vaults:1 | Reached skill level 15 in Earth Magic
 48046 | Vaults:1 | Reached skill level 15 in Poison Magic
 48201 | Vaults:1 | Found a runed translucent door.
 48201 | Vaults:1 | Noticed Feshunla's ghost (adept KoEn)
 48522 | Vaults:1 | Upgraded the game from 0.31-a0-774-g0d66cbabe8 to
                  | 0.31-a0-795-g5eb97db20b
 48531 | Vaults:1 | Killed Feshunla's ghost
 48694 | Vaults:2 | Reached XP level 20. HP: 73/147 MP: 0/0
 48771 | Vaults:2 | Noticed Donald
 48777 | Vaults:2 | Killed Donald
 49339 | Vaults:2 | Found a portal to a secret trove of treasure.
 49860 | Vaults:2 | You are sucked into a shaft and drop 2 floors!
 50050 | Vaults:3 | Found Deiv's Distillery.
 50050 | Vaults:3 | Found Ditwuga's Jewellery Emporium.
 50094 | Vaults:3 | Reached skill level 21 in Air Magic
 50572 | Vaults:2 | Found a staircase to the Crypt.
 51152 | Vaults:3 | Noticed Margery
 51177 | Vaults:3 | Killed Margery
 51181 | Vaults:3 | Reached XP level 21. HP: 94/155 MP: 0/0
 51181 | Vaults:3 | Learned a level 7 spell: Spellforged Servitor
 52047 | Vaults:3 | Reached skill level 22 in Air Magic
 52649 | Vaults:4 | Found Egeureh's Antique Armour Shoppe.
 52655 | Vaults:4 | Bought a bloodstained scale mail for 270 gold pieces
 52655 | Vaults:4 | Identified the +5 scale mail of the Zebrataur {rPois} (You
                  | bought it in a shop on level 4 of the Vaults)
 52655 | Vaults:4 | Bought a faintly glowing chain mail for 285 gold pieces
 52655 | Vaults:4 | Identified the +4 chain mail of the Black Moon {Harm rC+}
                  | (You bought it in a shop on level 4 of the Vaults)
 53510 | Elf:1    | Entered Level 1 of the Elven Halls
 53814 | Elf:1    | Noticed Litiur's ghost (adept OpIE)
 53820 | Elf:1    | Found a runed translucent door.
 54212 | Elf:1    | Reached XP level 22. HP: 122/163 MP: 0/0
 54542 | Elf:1    | Found a runed translucent gate.
 54542 | Elf:1    | Found a runed translucent gate.
 54542 | Elf:1    | Found a runed translucent gate.
 54542 | Elf:1    | Found a runed translucent gate.
 54542 | Elf:1    | Found a runed translucent gate.
 54544 | Elf:1    | Found a runed translucent gate.
 55012 | Elf:1    | Killed Litiur's ghost
 55083 | Elf:2    | Identified the +3 leather armour of Irksome Mirth {rElec
                  | rPois Regen+ Str-5}
 55106 | Elf:2    | HP: 7/159 [deep elf knight/shard of ice (40)]
 56135 | Elf:2    | Found a runed translucent gate.
 56135 | Elf:2    | Found a runed translucent gate.
 56139 | Elf:2    | Found a runed translucent gate.
 56270 | Elf:2    | Reached skill level 23 in Air Magic
 56767 | Elf:3    | Entered Level 3 of the Elven Halls
 56807 | Elf:3    | Found a magical portal.
 56812 | WizLab   | Entered Alistair's Party Mansion
 57186 | WizLab   | Noticed a golden dragon
 57186 | WizLab   | Noticed a golden dragon
 57335 | WizLab   | Acquired the ring of Peiloan {+Blink rC+ Will+ Str-4 Int+6}
 57569 | Elf:3    | Found Eclavas's Antique Armour Shoppe.
 57579 | Elf:3    | Reached XP level 23. HP: 166/171 MP: 0/0
 57579 | Elf:3    | Learned a level 8 spell: Infestation
 57607 | Elf:3    | Bought a faintly glowing chain mail for 342 gold pieces
 57607 | Elf:3    | Identified the +2 chain mail of the Vaults {rElec rPois rC-
                  | Int+3} (You bought it in a shop on level 3 of the Elven
                  | Halls)
 58395 | Elf:3    | Identified the +2 orcbow "Uhaony" {heavy, rElec Int+6
                  | Dex-3}
 58397 | Elf:3    | Identified the +4 rapier "Cemeybir" {freeze, Str+2 Dex+4}
 59225 | Elf:3    | Identified the staff "Oror Noq" {rPois Dex+3 Stlth- Poison}
 59319 | Elf:3    | Reached skill level 24 in Air Magic
 59385 | Elf:3    | Identified the ring of Qurixij {*Slow rElec Will++ MP+9
                  | EV+5}
 59390 | Elf:3    | Identified the +1 great sword of Hichiek {venom, rN+ Will-
                  | Dex+3}
 59635 | Elf:3    | Identified the +0 ring mail of the Bespelling Gods {+Inv
                  | rC- Str+9}
 59652 | Elf:3    | Identified the staff "Quawk" {rN+ Int-4 Dex+5 Conj}
 60006 | Crypt:1  | Entered Level 1 of the Crypt
 62155 | Crypt:2  | Reached XP level 24. HP: 163/180 MP: 0/0
 62691 | Crypt:3  | Entered Level 3 of the Crypt
 62703 | Crypt:3  | Identified the ring "Atud" {Ice Drain +Blink rPois Dex-4}
 62703 | Crypt:3  | Noticed Josephina
 63229 | Crypt:3  | Reached skill level 25 in Air Magic
 63427 | Crypt:3  | Found a staircase to the Tomb.
 63521 | Crypt:3  | Noticed Zenata
 63776 | Crypt:3  | Killed Zenata
 64083 | Crypt:3  | Killed Josephina
 64776 | Crypt:3  | Identified the staff "Biytyam" {rElec rPois SInv Poison}
 64812 | Crypt:3  | Noticed an ancient lich
 64831 | Crypt:3  | Killed an ancient lich
 65104 | Crypt:3  | Identified the +0 scale mail "Bifuawn" {MP-9 Str+4}
 65111 | Crypt:3  | Identified the quicksilver dragon scales "Geaqelol" {rN+
                  | Will+ rCorr Str+3 Dex+2}
 66221 | Depths:1 | Entered Level 1 of the Depths
 66398 | Depths:1 | Found a hazy altar of Hepliaklqana.
 66520 | Depths:1 | Acquired 1035 gold pieces
 66550 | Depths:1 | Noticed Saint Roka
 66763 | Depths:1 | Reached skill level 26 in Air Magic
 66851 | Depths:1 | Found a gateway to Hell.
 66996 | Depths:1 | Noticed Aizul
 67002 | Depths:1 | Killed Aizul
 67048 | Depths:1 | Found a hide-covered altar of Uskayaw.
 67379 | Depths:1 | Found a gateway to Hell.
 67419 | Depths:1 | Killed Saint Roka
 67675 | Depths:1 | Found a hazy altar of Hepliaklqana.
 67827 | Depths:1 | Found a hide-covered altar of Uskayaw.
 68055 | Depths:2 | Found a one-way gate to the infinite horrors of the Abyss.
 68068 | Depths:2 | Reached XP level 25. HP: 168/188 MP: 0/0
 68068 | Depths:2 | Learned a level 8 spell: Maxwell's Capacitive Coupling
 68349 | Depths:2 | Identified the +1 robe of Purpose {+Blink rF+ Int+2 Dex+3}
 68398 | Depths:2 | Identified the +8 sling "Sarcophage" {heavy, rElec rN+
                  | Will+ Str-3 Dex+3}
 68894 | Depths:2 | Found a one-way gate leading to the halls of Pandemonium.
 69335 | Depths:3 | Found a one-way gateway to a ziggurat.
 69528 | Depths:3 | Reached skill level 27 in Air Magic
 69600 | Depths:3 | Found a large runed translucent door.
 69604 | Depths:3 | Found a large runed translucent door.
 69604 | Depths:3 | Found a large runed translucent door.
 69605 | Depths:3 | Found a large runed translucent door.
 69626 | Depths:3 | Found an opulent altar of Gozag.
 69682 | Depths:3 | Found Xouw's Antique Weapon Shop.
 69859 | Depths:3 | Found a large runed translucent door.
 69860 | Depths:3 | Found a large runed translucent door.
 69960 | Depths:3 | Found a large runed translucent door.
 69963 | Depths:3 | Found a large runed translucent door.
 70274 | Depths:4 | Entered Level 4 of the Depths
 70749 | Depths:4 | Reached XP level 26. HP: 181/195 MP: 0/0
 71378 | Depths:4 | Found a gate to the Realm of Zot.
 71554 | Hell     | Entered the Vestibule of Hell
 71554 | Hell     | Noticed Geryon
 71565 | Hell     | Noticed Murray
 72591 | Vaults:5 | Entered Level 5 of the Vaults
 73907 | Vaults:5 | Identified the ring of the Little Devil {*Corrode rElec
                  | MP+9 Int+6 Dex+2}
 74688 | Vaults:5 | Identified the +6 morningstar of Kimeajes {antimagic, rPois
                  | rF- Int+3}
 74793 | Vaults:5 | Reached XP level 27. HP: 181/200 MP: 0/0
 74793 | Vaults:5 | Learned a level 9 spell: Chain Lightning
 74983 | Vaults:5 | Identified the ring of Meoquwuje {+Blink rPois Slay+4
                  | Stlth-}
 75345 | Vaults:5 | Noticed an ancient lich
 75360 | Vaults:5 | Killed an ancient lich
 75710 | Vaults:5 | Got a silver rune of Zot
 76084 | Depths:4 | Killed Murray
 76149 | Zot:1    | Entered Level 1 of the Realm of Zot
 77297 | Zot:1    | Noticed Vv
 78040 | Depths:4 | Killed Vv
 78636 | Depths:4 | Found a gate to the Realm of Zot.
 79532 | Zot:1    | Identified the +8 shortbow of Superiority {flame, MP+9
                  | Int-4 Dex+4 Stlth+}
 81604 | Zot:3    | You are sucked into a shaft and drop 1 floor!
 81778 | Zot:3    | Noticed an orb of fire
 81784 | Zot:3    | Killed an orb of fire
 81898 | Zot:3    | Identified the +2 robe of the Sun {rCorr Str+6 Slay-6}
 82010 | Zot:3    | Noticed an orb of fire
 82021 | Zot:3    | Killed an orb of fire
 83211 | Zot:4    | Found the +4 dragonskin cloak
 83211 | Zot:4    | Noticed Tiamat
 83383 | Zot:4    | HP: 1/203 [Tiamat/+5 bardiche of protection (12)]
 83383 | Zot:4    | Mangled by Tiamat

Illustrated notes

Levels and vault maps discovered:
D:1:      roderic_chinese_lattice_arrival, layout_rooms, serial_shops, shop
D:2:      layout_basic
D:3:      layout_loops_corners, gammafunk_temple_overflow_pools,
          mainiacjoe_overflow_boulevard, chequers_ecumenical_altar_grove,
          minmay_crystal_water, feat_on_display
D:4:      layout_loops_ring, nicolae_overflow_crystal_walls,
          minmay_misc_feat_pillars, uniq_robin
D:5:      layout_loops_corners, minmay_temple_entry_stoned_glass,
          minmay_manual_macuahuitl, uniq_menkaure
D:6:      layout_loops_ring, uniq_blork_the_orc, uniq_jeremiah
D:7:      layout_loops_ring, makhleb_grotto_becter,
          amcnicky_mini_corridor_feature, minmay_misc_feat_encased,
          minmay_misc_feat_room
D:8:      layout_loops_ring, minmay_stone_trees_small, nicolae_diode_stairs
D:9:      nzn_winding_woodlands_small [nzn_winding_woodlands_5x15_lazy_stream,
          nzn_winding_woodlands_center_pierced_h,
          nzn_winding_woodlands_5x15_zeroes], layout_basic, serial_shops, shop,
          gammafunk_ghost_ooze, grunt_ministairs_4
D:10:     layout_loops_ring, mainiacjoe_overflow_six_doors_small,
          due_lair_maze_entry_diamond, david_orc_2, kennysheep_kite_vault
D:11:     wad_woods_minihive, layout_irregular_city, minivault_12
D:12:     layout_loops_ring, uniq_fannar
D:13:     layout_rooms, hellmonk_vaults_order_and_chaos, serial_shops,
          nicolae_shop_competitors_out_of_business, shop,
          nicolae_shop_just_a_little_nook, nicolae_shop_getting_attention,
          kennysheep_mini
D:14:     layout_rooms, minmay_misc_feat_hallway, gammafunk_ghost_hive,
          kennysheep_generic_room_4, uniq_azrael
D:15:     grunt_enter_depths_giant_problem, layout_loops_cross,
          hangedman_decor_push, feat_on_display
Temple:   nicolae_temple_elliptical
Lair:1:   layout_small_grid, beast_lair_carwin_8
Lair:2:   layout_misc_corridors, swamp_mist_pool,
          hellmonk_spider_entry_life_and_decay
Lair:3:   gammafunk_indiana_jones, layout_long_grid
Lair:4:   layout_cellular_growth, serial_bayou_pond_d,
          eino_small_chamber_without_monster, serial_bayou_shore_a
Lair:5:   hangedman_lair_caniforms_friends, layout_regular_city, wormcave,
          slime_entry_1, kennysheep_abandoned_house, infiniplex_staircase_pool_2
Swamp:1:  nicolae_swamp_secret_spriggan_hideout, layout_basic_swamp,
          serial_swamp_ruin, evilmike_swamp_ruin_rubble_1,
          hangedman_swamp_ruin_hall, infiniplex_staircase_pool
Swamp:2:  layout_basic_swamp, gammafunk_ghost_mausoleum,
          nicolae_swamp_round_clearing
Swamp:3:  layout_basic_swamp, evilmike_swamp_ruin_house_5, swamp_pool2,
          nicolae_swamp_frolicking_bunyips
Swamp:4:  nzn_swamp_witches_coven, layout_basic_swamp
Spider:1: layout_chambers
Spider:2: layout_chambers, ebering_ghost_reflecting_pool,
          nicolae_spider_checkerboard
Spider:3: layout_spider_delve
Spider:4: spider_rune_water
Orc:1:    layout_caves
Orc:2:    grunt_orc_cross, layout_diamond_mine, uniq_rupert
Elf:1:    layout_loops_ring, hellmonk_ghost_big_iron, orc_legates
Elf:2:    nicolae_elf_blades_splatter_lattice [nicolae_blade_little_rooms],
          layout_geoelf_octagon
Elf:3:    elf_hall, layout_gridlike, mu_enter_wizlab_1, serial_shops, shop,
          grunt_ministairs_5
Vaults:1: hellmonk_ghost_happy_afterlife, v_misc_12,
          nicolae_vaults_diagonal_hallway_7,
          nicolae_vaults_you_can_take_it_with_you, nicolae_vaults_tetromino_L_1,
          v_misc_14, dpeg_vaults_monster_box,
          nicolae_vaults_storage_room_statues,
          nicolae_vaults_variable_pillar_hall, grunt_vaults_twisty,
          nicolae_vaults_closet_pinwheel_5, layout_vaults_omnigrid, serial_glass
Vaults:2: nicolae_vaults_more_shelving_2, minmay_crypt_entry_vampire_xt,
          ontoclasm_vaults_ligature, v_rooms_1, v_rooms_2,
          nicolae_vaults_fighting_squares, nicolae_vaults_network_quinsquares
          [nicolae_vaults_network_quincunx_subvault,
          nicolae_vaults_network_quincunx_subvault,
          nicolae_vaults_network_quincunx_subvault,
          nicolae_vaults_network_quincunx_subvault], ontoclasm_vaults_eye,
          nicolae_vaults_trapezoid_3, nicolae_vaults_alarming,
          ontoclasm_vaults_pinch, vaults_dpeg_emergency_exit,
          layout_vaults_omnicross, nicolae_trove_entry_path_of_doom, uniq_donald
Vaults:3: vaults_dpeg_ring, nicolae_vaults_heart-shaped_vault,
          vaults_mumra_minichess_inversion, nicolae_vaults_diagonal_hallway_8,
          nicolae_vaults_little_squares_5, hangedman_vaults_cutoff,
          hangedman_vaults_hat, nicolae_vaults_heist, nicolae_vaults_house_3,
          nicolae_vaults_surprise_closet, nicolae_vaults_little_squares_3,
          v_misc_25, nicolae_vaults_theta, layout_vaults_ring, serial_shops,
          shop, nicolae_shop_temple_entry_statues_fountains, uniq_margery
Vaults:4: grunt_vaults_hallway_short, v_rooms_6, v_misc_3,
          nicolae_vaults_heart-shaped_vault, v_pattern_2,
          nicolae_vaults_trapezoid_lopsided_1, vaults_mumra_chevron,
          nicolae_vaults_storage_closets_1, nicolae_vaults_triangles,
          nicolae_vaults_circle_grid_a, nicolae_vaults_apartment_2,
          layout_vaults_maze_snakey, serial_shops, nicolae_shop_rolling_square
Vaults:5
Crypt:1:  layout_catacombs, hellmonk_scarab_ruin
Crypt:2:  layout_gridlike, minivault_5, grunt_ministairs_15
Crypt:3:  evilmike_haunted_forest, uniq_josephina, uniq_zenata
Depths:1: layout_gridlike, nicolae_uskayaw_en_pointe, hell_entry,
          worldfamousw_hep_ancestral_shrine, roderic_lattice_octagonal_star,
          uniq_aizul, uniq_saint_roka
Depths:2: minmay_tri_stars, layout_honeycomb, abyss_entry,
          grunt_pan_entry_zigzag, chequers_serial_rivers_micro_c, hell_entry,
          infiniplex_staircase_zigzag_2
Depths:3: minmay_five_octagons, layout_basic, enter_ziggurat_f,
          grunt_gozag_statues, abyss_entry, hell_entry, serial_shops, shop,
          pan_entry
Depths:4: grunt_zot_entry_gee_three, layout_gridlike, minmay_hedge_maze,
          hell_entry, pan_entry
Hell
Zot:1:    layout_basic, uniq_vv
Zot:2:    layout_basic
Zot:3:    layout_basic, hangedman_player_shredder
Zot:4:    gammafunk_mikee_crab_dinner, layout_gridlike, grunt_ministairs_3,
          grunt_megastairs_3, uniq_tiamat

Skill      XL: |  1  2  3  4  5  6  7  8  9 10 11 12 13 14 15 16 17 18 19 20 21 22 23 24 25 26 27 |
---------------+----------------------------------------------------------------------------------+-----
Spellcasting   | 1 2 3 4 6 7 9 10 11 12 13 14 15 16 17 18 19 21 22 24 | 24.4
Conjurations   | 1 2 3 4 6 7 9 10 11 12 13 14 15 16 17 18 19 21 22 24 | 24.4
Hexes          | 1 2 3 4 6 7 9 10 11 12 13 14 15 16 17 18 19 21 22 24 | 24.4
Summonings     | 1 2 3 4 6 7 9 10 11 12 13 14 15 16 17 18 19 21 22 24 | 24.4
Necromancy     | 1 2 3 4 6 7 9 10 11 12 13 14 15 16 17 18 19 21 22 24 | 24.4
Translocations | 1 2 3 4 6 7 9 10 11 12 13 14 15 16 17 18 19 21 22 24 | 24.4
Transmutations | 1 2 3 4 6 7 9 10 11 12 13 14 15 16 17 18 19 21 22 24 | 24.4
Fire Magic     | 1 2 3 4 6 7 9 10 11 12 13 14 15 16 17 18 19 21 22 24 | 24.4
Ice Magic      | 1 2 3 4 6 7 9 10 11 12 13 14 15 16 17 18 19 21 22 24 | 24.4
Air Magic      | 1 2 3 5 8 10 12 14 15 16 17 18 19 20 21 22 23 24 26 27 | 27.0
Earth Magic    | 1 2 3 4 6 7 9 10 11 12 13 14 15 16 17 18 19 21 22 24 | 24.4
Poison Magic   | 1 2 3 4 6 7 9 10 11 12 13 14 15 16 17 18 19 21 22 24 | 24.4
Shields        | 1 2 3 4 5 6 8 10 | 10.0
Fighting       | 4 5 7 9 11 12 14 15 16 18 19 20 21 22 23 24 25 26 | 26.9
Dodging        | 4 7 9 11 13 15 16 18 19 20 21 23 | 23.2
Long Blades    | |  1.7
Stealth        | |  4.1

Action                     |  1- 3 |  4- 6 |  7- 9 | 10-12 | 13-15 | 16-18 | 19-21 | 22-24 | 25-27 || total
---------------------------+-------+-------+-------+-------+-------+-------+-------+-------+-------++-------
  Melee: Falchion          |    35 |   108 |       |       |       |       |       |       |       ||   143
         Punch             |       |     5 |     4 |     2 |       |       |       |       |       ||    11
         Spear             |       |    40 |   180 |   683 |  1246 |   622 |    27 |    15 |    24 ||  2837
         Long sword        |       |       |       |       |       |     2 |     3 |    11 |       ||    16
   Cast: Cause Fear        |       |       |       |     1 |     6 |     4 |       |       |       ||    11
         Flame Wave        |       |       |       |       |     5 |     3 |       |       |       ||     8
         Simulacrum        |       |       |       |       |    33 |       |       |       |       ||    33
         Yara's Violent Un |       |       |       |       |     3 |       |       |       |       ||     3
         Leda's Unmaking   |       |       |       |       |       |   406 |   681 |   784 |   836 ||  2707
         Haunt             |       |       |       |       |       |       |    14 |    40 |     5 ||    59
         Spellforged Servi |       |       |       |       |       |       |     8 |    23 |    13 ||    44
         Infestation       |       |       |       |       |       |       |       |     4 |     4 ||     8
         Maxwell's Capacit |       |       |       |       |       |       |       |       |     1 ||     1
         Chain Lightning   |       |       |       |       |       |       |       |       |    82 ||    82
 Invoke: Ancestor Life: Kn |       |     1 |       |       |       |       |       |       |       ||     1
         Recall Ancestor   |       |       |       |     8 |    24 |    18 |     5 |     8 |     9 ||    72
  Evoke: Wand              |    12 |     3 |       |     3 |    38 |     1 |       |     3 |     2 ||    62
    Use: Scroll            |     2 |       |       |     8 |    16 |    20 |     3 |    10 |    12 ||    71
         Potion            |       |       |       |     3 |     4 |     2 |     5 |     9 |     4 ||    27
   Stab: Sleeping          |     2 |    15 |    15 |     5 |     9 |     5 |       |       |       ||    51
         Distracted        |       |       |       |     9 |     9 |     8 |       |     1 |     1 ||    28
         Petrified         |       |       |       |       |     2 |       |       |       |       ||     2
         Petrifying        |       |       |       |       |     1 |       |       |       |       ||     1
 Armour: Leather armour    |    27 |    68 |    44 |    58 |       |       |       |    85 |   358 ||   640
         Robe              |       |       |       |   214 |    34 |       |       |       |       ||   248
         Troll leather arm |       |       |       |       |   545 |   460 |   132 |   119 |       ||  1256
  Dodge: Dodged            |    25 |    89 |    47 |   288 |   532 |   379 |   114 |   159 |   248 ||  1881
  Block: Buckler           |       |       |       |   110 |    28 |       |       |       |       ||   138
         Kite shield       |       |       |       |       |   467 |   409 |    92 |   110 |   123 ||  1201
         Reflection        |       |       |       |       |       |       |    19 |    29 |    12 ||    60

Table legend: (Time is in decaauts)
 A = Elapsed time spent in this place.
 B = Non-inter-level travel time spent in this place.
 C = Inter-level travel time spent in this place.
 D = Time resting spent in this place.
 E = Time spent auto-exploring this place.
 F = Levels seen in this place.
 G = Mean time per level.
                   A        B        C        D        E       F      G
               +--------+--------+--------+--------+--------+-----+--------+
         Total |  83071 |  77864 |   5207 |  24227 |  38626 |  52 | 1597.5 |
       Dungeon |  23146 |  20747 |   2399 |   6431 |  10070 |  15 | 1543.1 |
        Temple |     20 |     10 |     10 |      0 |      0 |   1 |   20.0 |
          Lair |  12126 |  11510 |    616 |   5619 |   3797 |   5 | 2425.2 |
         Swamp |   5075 |   4844 |    231 |   1788 |   2221 |   4 | 1268.8 |
   Spider Nest |   4503 |   4314 |    189 |    327 |   3420 |   4 | 1125.8 |
  Orcish Mines |   2441 |   2335 |    106 |    882 |    759 |   2 | 1220.5 |
   Elven Halls |   5517 |   5358 |    159 |   1778 |   2378 |   3 | 1839.0 |
        Vaults |  10142 |   9441 |    701 |   2070 |   5316 |   5 | 2028.4 |
         Crypt |   5867 |   5544 |    323 |   1722 |   2732 |   3 | 1955.7 |
        Depths |   8809 |   8424 |    385 |   2580 |   4551 |   4 | 2202.2 |
          Hell |     20 |     20 |      0 |      0 |      0 |   1 |   20.0 |
           Zot |   4740 |   4657 |     83 |    902 |   3142 |   4 | 1185.0 |
        Wizlab |    658 |    658 |      0 |    127 |    240 |   1 |  658.0 |
               +--------+--------+--------+--------+--------+-----+--------+

Top non-repeatable levels by time:
Depths:4: 4599 daAuts
    D:13: 3696 daAuts
  Lair:4: 3580 daAuts
 Crypt:3: 3171 daAuts
  Lair:5: 3150 daAuts
  Lair:2: 2955 daAuts
    D:10: 2544 daAuts
     D:9: 2504 daAuts
Vaults:2: 2454 daAuts
   Elf:3: 2408 daAuts
Vaults:5: 2335 daAuts
    D:11: 2178 daAuts
    D:12: 2059 daAuts
Vaults:4: 1992 daAuts
Depths:1: 1870 daAuts
